 Dungeon Crawl Stone Soup version 0.30-a0-364-gf6b3ef1049 (webtiles) character file.

Game seed: 1998143719508741484

3564 JoshKwa the Magician (level 9, -4/94 (102) HPs)
             Began as a Demigod Fire Elementalist on Nov 15, 2022.
             Slain by a wight
             ... wielding a +0 morningstar
              (10 damage)
             ... on level 9 of the Dungeon.
             The game lasted 00:49:10 (9471 turns).

JoshKwa the Magician (Demigod Fire Elementalist)    Turns: 9471, Time: 00:49:11

HP:   -4/94 (102)   AC: 28    Str: 17    XL:     9   Next: 54%
MP:   25/33         EV:  2    Int: 27    God:
Gold: 233           SH:  0    Dex: 14    Spells: 3/22 levels left

rFire   + . .      SeeInvis .    o - staff of fire
rCold   . . .      Faith    .    s - orb {mayhem}
rNeg    . . .      Spirit   .    (body armour currently unavailable)
rPois   +          Reflect  .    (helmet currently unavailable)
rElec   .          Harm     .    (cloak currently unavailable)
rCorr   .          Rampage  .    (gloves currently unavailable)
Will    .....      NoTele   +    (boots currently unavailable)
Stlth   ++........               u - amulet of the acrobat
HPRegen 0.35/turn                n - ring of magical power
MPRegen 0.23/turn                b - ring of Lochay {AC+4 Int+6}

@: tree-form, acrobatic, drained
A: stationary, stasis, torment immunity, boosted hp, high MP 1, forlorn, divine
attributes, (antennae 1), (iridescent scales 1), subdued magic 1
a: no special abilities


You were on level 9 of the Dungeon.
You were a tree.
You visited 1 branch of the dungeon, and saw 9 of its levels.

You collected 514 gold pieces.
You spent 281 gold pieces at shops.

Inventory:

Hand Weapons
 h - a +7 quarterstaff of chaos
Armour
 g - a +1 robe of cold resistance
 l - a +0 cloak (melded)
 p - +0 steam dragon scales (melded)
 s - an orb of mayhem (worn)
 t - a +0 pair of boots (melded)
Magical Staves
 i - a staff of poison
 o - a staff of fire (weapon)
Jewellery
 b - the ring of Lochay (right branch) {AC+4 Int+6}
   (You acquired it on level 5 of the Dungeon)

   [ring of protection]

   AC:        It affects your AC (+4).
   Int:       It affects your intelligence (+6).
 n - a ring of magical power (left branch)
 u - an amulet of the acrobat (around neck)
Wands
 e - a wand of quicksilver (8)
 k - a wand of roots (10)
 m - a wand of digging (6)
 q - a wand of polymorph (21)
Scrolls
 j - a scroll of magic mapping
Potions
 c - a potion of cancellation
 d - a potion of lignification
 v - a potion of flight


   Skills:
 + Level 2.6 Fighting
 + Level 0.7 Short Blades
 + Level 1.1 Staves
 + Level 4.6 Dodging
 + Level 3.4 Stealth
 + Level 7.4 Spellcasting
 + Level 4.6 Conjurations
 + Level 7.2 Fire Magic
 + Level 0.1 Ice Magic


You had 3 spell levels left.
You knew the following spells:

 Your Spells              Type           Power      Damage    Failure   Level
a - Foxfire               Conj/Fire      100%       2x1d9     1%          1
b - Scorch                Fire           100%       2d10      1%          2
c - Ozocubu's Armour      Ice            8%         N/A       13%         3
d - Flame Wave            Conj/Fire      48%        2d12      3%          4
e - Inner Flame           Hex/Fire       33%        N/A       2%          3
f - Blink                 Tloc           14%        N/A       7%          2
g - Iskenderun's Mystic   Conj/Tloc      17%        2d5       19%         4

Your spell library contained the following spells:

 Spells                   Type           Power      Damage    Failure   Level
 Momentum Strike          Conj/Tloc      34%        3d8       2%          2
 Summon Small Mammal      Summ           28%        N/A       4%          1
 Dazzling Flash           Conj/Hex       34%        N/A       4%          3
 Kindle Blastsparks       Fire/Tloc/Air  52%        2d14      4%          3
 Ensorcelled Hibernation  Hex/Ice        14%        N/A       7%          2
 Call Canine Familiar     Summ           7%         N/A       14%         3
 Lesser Beckoning         Tloc           14%        N/A       14%         3
 Spider Form              Tmut/Pois      7%         N/A       14%         3
 Summon Guardian Golem    Hex/Summ       7%         N/A       14%         3
 Anguish                  Hex/Necr       3%         N/A       45%         4
 Cause Fear               Hex            3%         N/A       45%         4
 Starburst                Conj/Fire      24%        6d8       54%         6
 Ozocubu's Refrigeration  Ice            4%         4d8       100%        7
 Discord                  Hex            3%         N/A       100%        8


Dungeon Overview and Level Annotations

Branches:
Dungeon (9/15)             Temple (0/1) D:7
   Lair: D:8-11         Orc: D:9-12

Shops:
D:2 *   D:4 [

Annotations:
D:9 Erica, Erolcha


Innate Abilities, Weirdness & Mutations

You are a tree.
Your roots penetrate the ground, keeping you stationary.
You cannot be teleported.
You are immune to unholy pain and torment.
Your maximum health is greatly increased.
Your equipment is partially melded.
You have an increased reservoir of magic. (+10% MP)
You shall have no god before yourself.
Your divine heritage dramatically boosts your attributes as you level up.
((You have a pair of small antennae on your head.))
((You are partially covered in iridescent scales. (AC +2)))
Your spells are a little easier to cast, but a little less powerful.


Message History

There are monsters nearby!
There are monsters nearby!
There are monsters nearby!
There are monsters nearby!
There are monsters nearby!
There are monsters nearby!
There are monsters nearby!
There are monsters nearby!
There are monsters nearby!
There are monsters nearby!
There are monsters nearby!
There are monsters nearby!
There are monsters nearby!
The wight hits you but does no damage.
The wight hits you with a +1 short sword.
* * * LOW HITPOINT WARNING * * *
The wight hits you with a +0 morningstar.
* * * LOW HITPOINT WARNING * * *
The wight hits you but does no damage.
The wight hits you with a +0 morningstar.
* * * LOW HITPOINT WARNING * * *
You feel drained. The wight hits you but does no damage.
A wight comes into view. It is wielding a +3 scimitar.
The wight barely misses you. The wight hits you but does no damage.
The wight hits you but does no damage. x2
The wight hits you but does no damage. x2
The wight hits you with a +0 morningstar!
* * * LOW HITPOINT WARNING * * *
The wight hits you but does no damage.
The wight hits you but does no damage. x2
The wight hits you with a +0 morningstar.
* * * LOW HITPOINT WARNING * * *
The wight hits you but does no damage.
The wight hits you but does no damage. x2
The wight hits you but does no damage.
The wight hits you with a +1 short sword.
* * * LOW HITPOINT WARNING * * *
You feel drained.
The wight hits you with a +0 morningstar!
You die...

#.# #.# #<#
#.# #.# #{#
#z#
#########z#
.......zz♣#
###########


You could see 4 wights.

Vanquished Creatures
  A cyclops (D:8)
  A yak (D:9)
  The ghost of mewnfare the Ducker, an amateur MfWn (D:3)
  3 steam dragons
  An acid dragon (D:8)
  A water moccasin (D:8)
  Duvessa (D:7)
  A black bear (D:5)
  An ice beast (D:7)
  A sky beast (D:7)
  3 phantoms
  2 bullfrogs (D:7)
  4 necrophages
  2 scorpions
  Dowan (D:7)
  4 killer bees (D:9)
  A howler monkey (D:6)
  4 jellies
  Crazy Yiuf (D:7)
  3 hounds
  2 gnoll boudas
  5 orc wizards
  5 iguanas
  6 adders
  10 gnolls
  A white imp (D:6)
  An ufetubus (D:6)
  A worm (D:2)
  2 dart slugs
  15 orcs
  8 ball pythons
  6 endoplasms
  10 giant cockroaches
  6 goblins
  5 hobgoblins
  9 jackals
  3 quokkas
  3 bats
  5 frilled lizards
  4 kobolds
  5 rats
149 creatures vanquished.

Vanquished Creatures (collateral kills)
  2 killer bees (D:9)
  An orc priest (D:5)
  An orc wizard (D:5)
4 creatures vanquished.

Vanquished Creatures (others)
  A gnoll (D:5)
  442 foxfires
  8 fungi (D:6)
451 creatures vanquished.

Grand Total: 604 creatures vanquished

Notes
Turn   | Place    | Note
-------+----------+-------------------------------------------
     0 | D:1      | JoshKwa the Demigod Fire Elementalist began the quest for
                  | the Orb.
     0 | D:1      | Reached XP level 1. HP: 14/14 MP: 5/5
   139 | D:1      | Reached XP level 2. HP: 20/20 MP: 1/7
   152 | D:1      | Learned a level 2 spell: Scorch
   192 | D:1      | Reached skill level 1 in Conjurations
   523 | D:2      | Reached XP level 3. HP: 19/26 MP: 4/8
   810 | D:2      | Found Bimigh's General Store.
   818 | D:2      | Bought a potion of mutation for 112 gold pieces
   818 | D:2      | Gained mutation: Your spells are a little easier to cast,
                  | but a little less powerful. [potion of mutation]
   818 | D:2      | Gained mutation: You are partially covered in iridescent
                  | scales. (AC +2) [potion of mutation]
   818 | D:2      | Gained mutation: You have a pair of small antennae on your
                  | head. [potion of mutation]
   824 | D:2      | Learned a level 3 spell: Ozocubu's Armour
  1240 | D:3      | Reached XP level 4. HP: 34/34 MP: 10/10
  1427 | D:3      | Found a large runed translucent door.
  1427 | D:3      | Found a large runed translucent door.
  1432 | D:3      | Noticed mewnfare's ghost (amateur MfWn)
  1451 | D:3      | Killed mewnfare's ghost
  1452 | D:3      | Reached XP level 5. HP: 32/39 MP: 2/12
  1457 | D:3      | Learned a level 4 spell: Flame Wave
  2226 | D:4      | Reached XP level 6. HP: 44/46 MP: 14/14
  2334 | D:4      | Found Pufromi's Armour Shop.
  2346 | D:4      | Bought an orb of mayhem for 169 gold pieces
  3737 | D:5      | Entered Level 5 of the Dungeon
  3785 | D:5      | Reached skill level 1 in Fighting
  3832 | D:5      | Reached XP level 7. HP: 32/52 MP: 13/16
  3836 | D:5      | Learned a level 3 spell: Inner Flame
  4486 | D:5      | Reached skill level 5 in Spellcasting
  6091 | D:5      | Identified a scroll of acquirement
  6091 | D:5      | Acquired the ring of Lochay {AC+4 Int+6}
  6099 | D:5      | Reached skill level 5 in Fire Magic
  6099 | D:5      | Reached XP level 8. HP: 38/58 MP: 19/19
  7198 | D:6      | Reached skill level 1 in Staves
  7602 | D:7      | Found a runed translucent door.
  7602 | D:7      | Found the +6 shillelagh "Devastator" {shatter}
  7603 | D:7      | Noticed Crazy Yiuf
  7612 | D:7      | Killed Crazy Yiuf
  7692 | D:7      | Noticed Duvessa
  7693 | D:7      | Noticed Dowan
  7705 | D:7      | Killed Duvessa
  7706 | D:7      | Killed Dowan
  7862 | D:7      | Learned a level 2 spell: Blink
  7867 | D:7      | Learned a level 4 spell: Iskenderun's Mystic Blast
  7906 | D:7      | Found a staircase to the Ecumenical Temple.
  8508 | D:8      | Reached XP level 9. HP: 61/68 MP: 22/22
  9113 | D:8      | Noticed a cyclops
  9133 | D:8      | Killed a cyclops
  9396 | D:9      | Noticed Erica
  9446 | D:9      | Noticed Erolcha
  9471 | D:9      | Slain by a wight

Illustrated notes

Levels and vault maps discovered:
D:1:      dpeg_arrival_fog, layout_rooms
D:2:      layout_loops_ring, shapermc_ecumenical_altar_totnotflames,
          basic_altar, serial_shops, shop
D:3:      kennysheep_big_flooded_room, layout_loops_ring,
          lemuel_coloured_pillars_altar, lemuel_doored_altar,
          ebering_ghost_disaster_area
D:4:      layout_rooms, makhleb_blood_cavern_becter, serial_shops,
          nicolae_shop_temple_entry_statues_fountains
D:5:      layout_loops_ring, mainiacjoe_overflow_chevrons
D:6:      layout_rooms, fedhas_ov_isle_minmay, nicolae_overflow_squiral,
          serial_aquarium, aquarium_bridge_straight [aquarium_subvault_bridge,
          aquarium_subvault_balcony, aquarium_subvault_bridge,
          aquarium_subvault_wall], aquarium_window_1, aquarium_window_fake,
          aquarium_view_2c, aquarium_view_2a, hex_intersection,
          hangedman_abyss_or_decor_stabs
D:7:      layout_cave_pods, kennysheep_mini_moat,
          nicolae_hepliaklqana_hippocampus, elyvilon_altar_5,
          nicolae_ru_great_annihilating_truth, minmay_temple_entry_fiery,
          uniq_duvessa, uniq_crazy_yiuf_cottage
D:8:      layout_basic
D:9:      layout_loops_ring, pdpol_wu_jian_five_deadly_venoms, uniq_pikel,
          uniq_erolcha, uniq_erica

Skill      XL: |  1  2  3  4  5  6  7  8  9 |
---------------+----------------------------+-----
Fire Magic     | 3 4 5 6 7 |  7.2
Dodging        | 2 3 4 |  4.6
Conjurations   | 1 2 3 4 |  4.6
Spellcasting   | 2 3 4 5 6 7 |  7.4
Stealth        | 2 3 |  3.4
Fighting       | 1 2 |  2.6
Staves         | 1 |  1.1
Short Blades   | |  0.7
Ice Magic      | |  0.1

Action                   |  1- 3 |  4- 6 |  7- 9 || total
-------------------------+-------+-------+-------++-------
Melee: Short sword       |    95 |       |       ||    95
       Punch             |     1 |       |       ||     1
       Staff             |       |    51 |    46 ||    97
 Cast: Foxfire           |    65 |    75 |   204 ||   344
       Scorch            |     3 |    16 |    47 ||    66
       Ozocubu's Armour  |     1 |     1 |       ||     2
       Flame Wave        |       |       |     4 ||     4
       Blink             |       |       |     1 ||     1
Evoke: Wand              |     1 |     1 |       ||     2
  Use: Potion            |     3 |     9 |     8 ||    20
       Scroll            |     4 |     4 |    16 ||    24
 Stab: Sleeping          |     1 |       |       ||     1
       Distracted        |       |       |     1 ||     1
Armor: Robe              |    43 |    29 |    69 ||   141
       Skin              |       |       |    17 ||    17
       Steam dragon scal |       |       |     7 ||     7
Dodge: Dodged            |   124 |    60 |   161 ||   345

Table legend: (Time is in decaauts)
 A = Elapsed time spent in this place.
 B = Non-inter-level travel time spent in this place.
 C = Inter-level travel time spent in this place.
 D = Time resting spent in this place.
 E = Time spent auto-exploring this place.
 F = Levels seen in this place.
 G = Mean time per level.
                   A        B        C        D        E       F      G
               +--------+--------+--------+--------+--------+-----+--------+
         Total |   9483 |   8652 |    831 |   4309 |      0 |   9 | 1053.7 |
       Dungeon |   9483 |   8652 |    831 |   4309 |      0 |   9 | 1053.7 |
               +--------+--------+--------+--------+--------+-----+--------+

Top non-repeatable levels by time:
     D:5: 2471 daAuts
     D:4: 1698 daAuts
     D:7: 1083 daAuts
     D:6: 1013 daAuts
     D:8: 865 daAuts
     D:3: 816 daAuts
     D:2: 707 daAuts
     D:1: 515 daAuts
     D:9: 310 daAuts
